 Dungeon Crawl Stone Soup version 0.21.1-1-g345015f (webtiles) character file.

138 inc the Sneak (level 5, 0/21 HPs)
             Began as a Felid Enchanter on Feb 21, 2018.
             Slain by a river rat (5 damage)
             ... on level 3 of the Dungeon.
             The game lasted 00:13:28 (4953 turns).

inc the Sneak (Felid Enchanter)                     Turns: 4953, Time: 00:13:29

Health: 0/21       AC:  1    Str:  7    XL:     5   Next: 1%
Magic:  2/9        EV: 20    Int: 18    God:
Gold:   104        SH:  0    Dex: 16    Spells: 2/8 levels left
                                        Lives:  0   Deaths: 1

rFire    . . .     SeeInvis +     - Unarmed
rCold    . . .     Gourm    .   (shield unavailable)
rNeg     . . .     Faith    .   (armour unavailable)
rPois    .         Spirit   .   (helmet unavailable)
rElec    .         Reflect  .   (cloak unavailable)
rCorr    .         Harm     .   (gloves unavailable)
MR       .....                  (boots unavailable)
Stlth    ++++......             (no amulet)
HPRegen  0.07/turn              m - +3 ring of strength
MPRegen  0.11/turn              (no ring)

@: very slightly contaminated, quick
A: very small, no armour, no weapons or thrown items, stealth, claws 1, fangs 3,
see invisible, carnivore, speed 1, shaggy fur 1, slow metabolism 1, sharp paws
a: no special abilities


You were on level 3 of the Dungeon.
You were not hungry.

You visited 1 branch of the dungeon, and saw 3 of its levels.
You also visited: Sewer.

You collected 104 gold pieces.

Inventory:

Jewellery
 m - a +3 ring of strength (left paw)
Scrolls
 d - 6 scrolls of teleportation
 h - a scroll of random uselessness {unknown}
 k - 5 scrolls of remove curse
 l - 3 scrolls of magic mapping {unknown}
 n - 2 scrolls of identify {unknown}
 o - a scroll of amnesia {unknown}
Potions
 c - 3 potions of might {unknown}
 e - 3 potions of flight
 f - 5 potions of heal wounds {unknown}
 g - a potion of invisibility {unknown}
 i - a potion of agility
 j - a potion of curing {unknown}
 p - a potion of ambrosia {unknown}
Books
 a - a book of Maledictions

   Spells                             Type                      Level
   a - Corona                         Hexes                        1
   b - Ensorcelled Hibernation        Hexes/Ice                    2
   c - Confuse                        Hexes                        3
   d - Tukima's Dance                 Hexes                        3
   e - Dazzling Spray                 Conjuration/Hexes            3
Comestibles
 b - 6 rations


   Skills:
 + Level 5.0 Dodging
 + Level 5.8 Stealth
 - Level 3.1 Unarmed Combat
 - Level 2.0 Spellcasting
 - Level 4.4 Hexes


You had 2 spell levels left.
You knew the following spells:

 Your Spells              Type           Power        Failure   Level  Hunger
a - Corona                Hex            ###....      2%          1    #......
b - Ensorcelled Hibernat  Hex/Ice        #.....       11%         2    ###....
c - Confuse               Hex            ###.....     9%          3    ###....


Dungeon Overview and Level Annotations

Branches:
Dungeon (3/15)

Altars:
Fedhas
Makhleb
Qazlal


Innate Abilities, Weirdness & Mutations

You cannot wear armour.
You are incapable of wielding weapons or throwing items.
Your paws allow you to move quietly. (Stealth)
You have sharp claws.
You have razor-sharp teeth.
You have supernaturally acute eyesight. (SInv)
You are carnivorous and can eat meat at any time.
You cover ground quickly.
You are covered in fur. (AC +1)
You have a slow metabolism.
Your sharp claws are effective at attacking unaware monsters.


Message History

You scratch the river rat but do no damage.
The river rat bites you!
You barely miss the river rat. Your claw misses the river rat.
You scratch the river rat.
The river rat is moderately wounded.
The river rat misses you.
You barely miss the river rat.
The river rat is moderately wounded.
The river rat barely misses you.
You scratch the river rat.
The river rat is heavily wounded.
The river rat bites you!
* * * LOW HITPOINT WARNING * * *
You scratch the river rat. You bite the river rat.
The river rat is almost dead.
The river rat barely misses you.
You closely miss the river rat.
The river rat is almost dead.
The river rat bites you.
You die...

#...)....########
#...............# #######
#..........._...# #......
#...............# ##.##...
#>..............###.....##
#########.....<.#.....###
#...#.......#.#
######.#......##.#
##.#.##..r@........##..#
........####....#...#.##
........#....#........#####
..........#..#.###.........
...s....#...##.# #..)...###
....>.....## #.###.[......#
#..#.###### #...#(.###.#..
...#. ###....# #...# .. #.
###...## ###..


You could see a river rat.

Vanquished Creatures
  An orc priest (D:3)
  An orc wizard (D:3)
  An adder (D:2)
  A river rat (D:3)
  4 oozes
  4 worms (Sewer)
  A dart slug (D:1)
  3 leopard geckos
  6 orcs (D:3)
  17 bats
  A giant cockroach (Sewer)
  6 goblins
  7 hobgoblins
  8 jackals
  7 kobolds
  5 ball pythons
  3 frilled lizards
  9 rats
85 creatures vanquished.

Notes
Turn   | Place    | Note
-------+----------+-------------------------------------------
     0 | D:1      | inc the Felid Enchanter began the quest for the Orb.
     0 | D:1      | Reached XP level 1. HP: 7/7 MP: 4/4
   730 | D:2      | Found a blossoming altar of Fedhas.
   752 | D:2      | Reached XP level 2. HP: 4/11 MP: 6/6
   784 | D:3      | Learned a level 2 spell: Ensorcelled Hibernation
   999 | D:3      | Found a stormy altar of Qazlal.
  1180 | D:3      | Found a glowing drain.
  1188 | D:3      | Reached XP level 3. HP: 13/14 MP: 0/7
  1222 | Sewer    | Entered a sewer
  2175 | Sewer    | Learned a level 3 spell: Confuse
  2589 | Sewer    | Reached XP level 4. HP: 11/18 MP: 3/8
  3304 | D:3      | Slain by an orc
  3305 | D:3      | Reached XP level 3. HP: 0/14 MP: 2/7
  3323 | D:3      | Found a burning altar of Makhleb.
  3415 | D:2      | Reached skill level 5 in Stealth
  3838 | D:1      | Reached XP level 4. HP: 18/18 MP: 8/8
  4898 | D:3      | Reached skill level 5 in Dodging
  4902 | D:3      | Reached XP level 5. HP: 21/21 MP: 1/9
  4953 | D:3      | Slain by a river rat

Skill      XL: |  1  2  3  4 |
---------------+-------------+-----
Unarmed Combat | 2 3 |  3.1
Dodging        | 3 5 |  5.0
Stealth        | 5 |  5.8
Spellcasting   | |  2.0
Hexes          | |  4.4

Action                   |  1- 3 |  4- 6 || total
-------------------------+-------+-------++-------
Melee: Unarmed           |   155 |    57 ||   212
       Bite              |     6 |     7 ||    13
       Punch             |     1 |       ||     1
 Cast: Ensorcelled Hiber |    53 |    33 ||    86
       Corona            |     1 |       ||     1
       Confuse           |       |     2 ||     2
  Use: Scroll            |     2 |     1 ||     3
       Potion            |     2 |       ||     2
 Stab: Sleeping          |    34 |    23 ||    57
       Confused          |       |     1 ||     1
  Eat: Chunk             |    14 |     4 ||    18
Armor: Skin              |    10 |       ||    10
Dodge: Dodged            |   198 |    45 ||   243
